 Dungeon Crawl Stone Soup version 0.28.0-53-g5a82cb258f (webtiles) character file.

Game seed: 13633248292898558326

6 Descartes the Sneak (level 1, -2/10 HPs)
             Began as a Felid Delver on June 6, 2022.
             Slain by an orc priest
             ... wielding a +0 hand axe
              (3 damage)
             ... on level 5 of the Dungeon.
             The game lasted 00:00:11 (131 turns).

Descartes the Sneak (Felid Delver)                   Turns: 131, Time: 00:00:12

Health: -2/10      AC:  1    Str:  8    XL:     1   Next: 75%
Magic:  2/2        EV: 17    Int: 11    God:
Gold:   0          SH:  0    Dex: 17    Spells: 0/0 levels left
                                        Lives:  0   Deaths: 0

rFire   . . .      SeeInvis +     - Unarmed
rCold   . . .      Faith    .   (shield unavailable)
rNeg    . . .      Spirit   .   (armour unavailable)
rPois   .          Reflect  .   (helmet unavailable)
rElec   .          Harm     .   (cloak unavailable)
rCorr   .          Rampage  .   (gloves unavailable)
Will    .....                   (boots unavailable)
Stlth   ++++......              (no amulet)
HPRegen 0.03/turn               (no ring)
MPRegen 0.08/turn               (no ring)

@: quick
A: very small, claws 1, fangs 3, see invisible, speed 1, shaggy fur 1, stealthy
paws, no weapons or thrown items, no armour, multi-lived
a: no special abilities


You were on level 5 of the Dungeon.
You visited 1 branch of the dungeon, and saw 1 of its levels.

Inventory:

Wands
 e - a wand of digging (3)
Scrolls
 a - a scroll of fog
 b - a scroll of magic mapping
 c - a scroll of fear
Potions
 d - a potion of haste


   Skills:
 + Level 3.1 Fighting
 + Level 2.9 Dodging
 + Level 6.7 Stealth
 + Level 2.1 Unarmed Combat


You couldn't memorise any spells.
You didn't know any spells.
Your spell library was empty.

Dungeon Overview and Level Annotations

Branches:
Dungeon (5/15)
 Temple: D:4-7

Altars:


Innate Abilities, Weirdness & Mutations

You have sharp claws.
You have razor-sharp teeth.
You have supernaturally acute eyesight. (SInv)
You cover ground quickly. (Speed+)
You are covered in fur. (AC +1)
Your paws help you pounce on unaware monsters.
You are incapable of wielding weapons or throwing items.
You cannot wear armour.
You gain extra lives every three experience levels.


Message History

The orc hits you but does no damage.
You scratch the orc but do no damage.
The orc is severely wounded.
An orc comes into view.
It is wielding a +0 dagger of holy wrath.
The orc misses you.
You scratch the orc.
You kill the orc!
You barely miss the orc wizard. The orc priest completely misses you.
The orc wizard hits you with a +0 dagger.
You scratch the orc wizard.
The orc wizard is lightly wounded.
The orc priest barely misses you.
The orc wizard hits you with a +0 dagger.
You are too injured to fight recklessly!
You are too injured to fight recklessly!
You are too injured to fight recklessly!
You are too injured to fight recklessly!
You are too injured to fight recklessly!
You are too injured to fight recklessly!
You are too injured to fight recklessly!
You are too injured to fight recklessly!
You are too injured to fight recklessly!
You are too injured to fight recklessly!
You are too injured to fight recklessly!
You are too injured to fight recklessly!
You are too injured to fight recklessly!
You are too injured to fight recklessly!
Unknown command.
You scratch the orc priest but do no damage.
The orc priest barely misses you. The orc wizard closely misses you.
You scratch the orc priest but do no damage.
The orc priest completely misses you. The orc wizard misses you.
You scratch the orc priest but do no damage.
The orc priest barely misses you.
The orc wizard hits you with a +0 dagger.
* * * LOW HITPOINT WARNING * * *
Unknown command.
You closely miss the orc priest.
The orc priest hits you with a +0 hand axe.
You die...

.##.###.###.#### #....#####
.##.###.###.# ####......
.##.##...##.######## #.#####
...................# #.#
######...#########.########.#
##.## ## #.##.......# #.. ..
#.##.#######
#.######o###.##.#
#.......Oo@o...[#
########.####.### .$ #.# ...
... #.# ##.## # #.# #.# #o#


You could see an ogre, an orc priest, an orc wizard and an orc.

Vanquished Creatures
  3 orcs (D:5)
3 creatures vanquished.

Notes
Turn   | Place    | Note
-------+----------+-------------------------------------------
     0 | D:5      | Descartes the Felid Delver began the quest for the Orb.
     0 | D:5      | Reached XP level 1. HP: 10/10 MP: 2/2
   113 | D:5      | Noticed an orc priest
   113 | D:5      | Noticed an ogre
   117 | D:5      | Noticed an orc wizard
   131 | D:5      | Slain by an orc priest

Illustrated notes

Levels and vault maps discovered:
D:5:      kennysheep_steamy, layout_loops_ring, nicolae_overflow_crystal_walls

Action                   || total
-------------------------++-------
Melee: Unarmed           ||    14
       Bite              ||     1
Armor: Skin              ||     1
Dodge: Dodged            ||    12
